 Dungeon Crawl Stone Soup version 0.29.1-2-gbd0b4ee654 (webtiles) character file.

Game seed: 6163556816017098418

207922 Icepheonix32 the Spry (level 18, -6/158 HPs)
             Began as a Minotaur Fighter on Oct 28, 2022.
             Was the Champion of Dithmenos.
             Mangled by Saint Roka
             ... wielding a +2 great sword
              (31 damage)
             ... on level 1 of the Vaults.
             The game lasted 01:51:06 (45207 turns).

Icepheonix32 the Spry (Minotaur Fighter)           Turns: 45207, Time: 01:51:06

Health: -6/158     AC: 33    Str: 22    XL:     18   Next: 11%
Magic:  20/20      EV: 32    Int:  6    God:    Dithmenos [******]
Gold:   1718       SH: 16    Dex: 29    Spells: 17/17 levels left

rFire   + . .      SeeInvis .   U - +8 rapier "Wacs" {protect, Will+ Int+3}
rCold   . . .      Faith    .   c - +2 buckler
rNeg    . . .      Spirit   .   t - +7 chain mail of Quegeism {rElec rF+ Int-2 Dex+6}
rPois   .          Reflect  +   (helmet unavailable)
rElec   +          Harm     .   r - +1 cloak of Starlight {*Dazzle EV+4 Stlth--}
rCorr   .          Rampage  .   A - +2 pair of gloves
Will    ++...      Rage     3%  (no boots)
Stlth   +.........              d - amulet of reflection
HPRegen 0.36/turn               m - +4 ring of evasion
MPRegen 0.17/turn               P - +6 ring of dexterity

@: under a protective aura, wreathed by umbra
A: horns 3, retaliatory headbutt, berserk 1
}: 1/15 runes: serpentine
a: Renounce Religion, Shadow Step, Shadow Form


You were on level 1 of the Vaults.
You worshipped Dithmenos.
Dithmenos was exalted by your worship.
You visited 8 branches of the dungeon, and saw 30 of its levels.

You collected 3045 gold pieces.
You spent 1327 gold pieces at shops.

Inventory:

Hand Weapons
 x - a +6 dagger of protection
 S - a +2 falchion of holy wrath
 U - the +8 rapier "Wacs" (weapon) {protect, Will+ Int+3}
   (You bought it in a shop on level 2 of the Orcish Mines)

   It grants its wielder temporary protection when it strikes (+7 to AC).
   Int:       It affects your intelligence (+3).
   Will:      It increases your willpower.
Missiles
 j - 4 silver boomerangs (quivered)
 B - 11 atropa-tipped darts
 F - 6 curare-tipped darts
 H - 25 boomerangs
Armour
 b - the +5 scale mail of Honesty {rC+ Will+ Stlth+}
   (You found it on level 2 of the Lair of Beasts)

   rC:        It protects you from cold.
   Will:      It increases your willpower.
   Stlth:     It makes you more stealthy.
 c - a +2 buckler (worn)
 r - the +1 cloak of Starlight (worn) {*Dazzle EV+4 Stlth--}
   (You found it on level 2 of the Dungeon)

   It may blind those who miss an attack against the wearer in melee combat.
   EV:        It affects your evasion (+4).
   Stlth:     It makes you much less stealthy.
 t - the +7 chain mail of Quegeism (worn) {rElec rF+ Int-2 Dex+6}
   (You took it off a salamander on level 2 of the Snake Pit)

   Int:       It affects your intelligence (-2).
   Dex:       It affects your dexterity (+6).
   rF:        It protects you from fire.
   rElec:     It insulates you from electricity.
 A - a +2 pair of gloves (worn)
 D - the +6 scale mail of Poor Excuses {+Inv rC- rN++ Dex+2}
   (You found it on level 5 of the Lair of Beasts)

   Dex:       It affects your dexterity (+2).
   rC:        It makes you vulnerable to cold.
   rN:        It greatly protects you from negative energy.
   +Inv:      It lets you turn invisible.
Jewellery
 d - an amulet of reflection (around neck)
 h - a +6 ring of strength
 k - a ring of willpower
 m - a +4 ring of evasion (left hand)
 u - a ring of protection from cold
 v - a +4 ring of protection
 P - a +6 ring of dexterity (right hand)
 Q - a ring of poison resistance
 W - a ring of resist corrosion
Wands
 a - a wand of digging (8)
 f - a wand of mindburst (20)
 w - a wand of flame (67)
 G - a wand of roots (38)
 I - a wand of charming (14)
Scrolls
 g - a scroll of torment
 s - 8 scrolls of magic mapping
 z - 2 scrolls of immolation
 R - 17 scrolls of identify
 T - 4 scrolls of poison
 X - a scroll of amnesia
 Y - 2 scrolls of fear
 Z - 2 scrolls of fog
Potions
 e - 2 potions of resistance
 i - 5 potions of curing
 l - a potion of cancellation
 o - 2 potions of flight
 q - 2 potions of might
 C - 5 potions of lignification
 E - 3 potions of ambrosia
 J - 3 potions of magic
 L - 3 potions of attraction
 V - 4 potions of haste
Miscellaneous
 y - a lightning rod (2/4)
 K - a condenser vane (inert)
 O - a tin of tremorstones (1/2)


   Skills:
 + Level 13.4 Fighting
 + Level 14.1 Short Blades
 - Level 3.1 Axes
 + Level 6.1 Throwing
 * Level 15.2 Armour
 * Level 18.5 Dodging
 + Level 11.5 Stealth
 + Level 13.5 Shields
 + Level 5.1 Invocations
 * Level 9.1 Evocations


You had 17 spell levels left.
You didn't know any spells.
Your spell library contained the following spells:

 Spells                   Type           Power      Damage    Failure   Level
 Freeze                   Ice            0%         1d3       95%         1
 Necrotise                Necr           0%         1d4       95%         1
 Sublimation of Blood     Necr           0%         N/A       99%         2
 Confusing Touch          Hex            0%         N/A       100%        3
 Frozen Ramparts          Ice            0%         1d1       100%        3
 Ignite Poison            Fire/Tmut/Pois 0%         N/A       100%        3
 Mephitic Cloud           Conj/Pois/Air  0%         N/A       100%        3
 Ozocubu's Armour         Ice            0%         N/A       100%        3
 Tukima's Dance           Hex            0%         N/A       100%        3
 Vampiric Draining        Necr           0%         2d6       100%        3
 Anguish                  Hex/Necr       0%         N/A       100%        4
 Hailstorm                Conj/Ice       0%         3d3       100%        4
 Ice Form                 Ice/Tmut       0%         N/A       100%        4
 Olgreb's Toxic Radiance  Pois           0%         N/A       100%        4
 Passage of Golubria      Tloc           0%         N/A       100%        4
 Petrify                  Tmut/Erth      0%         N/A       100%        4
 Summon Ice Beast         Ice/Summ       0%         N/A       100%        4
 Summon Lightning Spire   Summ/Air       0%         N/A       100%        4
 Agony                    Necr           0%         N/A       100%        5
 Freezing Cloud           Conj/Ice/Air   0%         6-21      100%        5
 Irradiate                Conj/Tmut      0%         3d11      100%        5
 Metabolic Englaciation   Hex/Ice        0%         N/A       100%        5
 Summon Forest            Summ/Tloc      0%         N/A       100%        5
 Yara's Violent Unravell  Hex/Tmut       0%         3d3       100%        5
 Eringya's Noxious Bog    Tmut/Pois      0%         N/A       100%        6
 Statue Form              Tmut/Erth      0%         N/A       100%        6
 Enfeeble                 Hex            0%         N/A       100%        7
 Ozocubu's Refrigeration  Ice            0%         4d7       100%        7
 Storm Form               Tmut/Air       0%         N/A       100%        7
 Summon Hydra             Summ           0%         N/A       100%        7
 Ignition                 Fire           0%         3d3       100%        8
 Maxwell's Capacitive Co  Air            0%         ∞         100%        8


Dungeon Overview and Level Annotations

Branches:
Dungeon (15/15)            Temple (1/1) D:6            Lair (5/5) D:11
 Shoals (1/4) Lair:3        Snake (4/4) Lair:2          Orc (2/2) D:12
    Elf (0/3) Orc:2        Vaults (1/5) D:14         Depths (1/4) D:15
  Slime: Lair:4-5

Altars:
Ashenzari
Cheibriados
Dithmenos
Elyvilon
Fedhas
Gozag
Hepliaklqana
Kikubaaqudgha
Makhleb
Nemelex Xobeh
Okawaru
Qazlal
Ru
Sif Muna
Trog
Uskayaw
Vehumet
Wu Jian
Xom
Yredelemnul
Zin
The Shining One
Lugonu

Shops:
D:1 [   D:5 !   D:9 (   D:10 (   Orc:2 ?:*(*

Portals:
Abyss: Lair:5
Pandemonium: Orc:2
Trove: Depths:1 (give +4 shadow dragon scales)

Annotations:
D:12 Frances
Vaults:1 Saint Roka


Innate Abilities, Weirdness & Mutations

You have a pair of large horns on your head.
You reflexively headbutt those who attack you in melee.
You sometimes lose your temper in combat.


Message History

Your shadow hits Saint Roka but does no damage.
Saint Roka calls down the wrath of Beogh upon you.
Beogh smites you!
You hit Saint Roka.
Saint Roka is heavily wounded.
Your shadow closely misses Saint Roka.
You hit Saint Roka but do no damage. Your headbutt misses Saint Roka.
Saint Roka is heavily wounded.
Your shadow hits Saint Roka but does no damage.
Saint Roka hits you with a +2 great sword!!
You puncture Saint Roka!
You headbutt Saint Roka, but do no damage.
Saint Roka is heavily wounded.
Your shadow hits Saint Roka but does no damage.
You hit Saint Roka. You headbutt Saint Roka!
Saint Roka is severely wounded.
Your shadow hits Saint Roka with a rapier.
You block Saint Roka's attack.
You puncture Saint Roka! You headbutt Saint Roka!!
Saint Roka is almost dead.
Saint Roka calls down the wrath of Beogh upon you.
Beogh smites you!
* * * LOW HITPOINT WARNING * * *
You hit Saint Roka but do no damage. Your headbutt misses Saint Roka.
Saint Roka is almost dead.
You hit Saint Roka but do no damage.
Saint Roka is almost dead.
Saint Roka hits you with a +2 great sword!
* * * LOW HITPOINT WARNING * * *
You hit Saint Roka.
You headbutt Saint Roka, but do no damage.
Saint Roka is almost dead.
Your shadow hits Saint Roka but does no damage.
Unknown command.
Unknown command.
You hit Saint Roka but do no damage. You headbutt Saint Roka.
Saint Roka is almost dead.
Saint Roka says, "Down here, you're an orc or you're nobody."
Saint Roka hits you with a +2 great sword!!
You die...

#........####.+.'#+#...
#........†..#.#.'..'.##
#........##.'.#.#.##.#p
#........###########.##
#........# #...
#........# ##'##
#........# #....
#....[.[.# #....
######@### #....
#o)....# #.... #).....#
#.... #.)))..# #....
#..)...# ##### #).))..#
#......# #......#


You could see Saint Roka.

Vanquished Creatures
  Mlioglotl (Shoals:1)
  Gastronok (Lair:2)
  Kirke (D:15)
  Roxanne (Snake:4)
  A shadow dragon (Vaults:1)
  3 nagarajas
  A frost giant (D:15)
  4 vault wardens (Vaults:1)
  2 fire giants (D:14)
  Louise (Snake:1)
  A very ugly thing (D:14)
  2 ironbound thunderhulks
  6 ironbound preservers (Vaults:1)
  A stone giant (D:14)
  An entropy weaver (Vaults:1)
  A deep elf annihilator (D:14)
  8 dire elephants
  A merfolk javelineer (Shoals:1)
  Josephine (D:15)
  3 vault guards
  5 salamander tyrants
  3 boulder beetles
  2 demonspawn (Orc:2)
  Fannar (D:11)
  An ogre mage (Orc:1)
  5 hydras
  10 anacondas
  3 centaur warriors
  An alligator snapping turtle (Shoals:1)
  8 naga warriors
  3 ironbound frosthearts
  6 two-headed ogres
  A deep troll shaman (Depths:1)
  2 tengu warriors (D:15)
  10 naga sharpshooters
  A deep troll earth mage (D:15)
  8 shock serpents
  5 death yaks
  2 thrashing horrors (Lair:5)
  Sonja (Lair:3)
  6 orc high priests (Orc:2)
  A storm dragon skeleton (Vaults:1)
  9 salamander mystics
  11 slime creatures
  2 sea snakes (Shoals:1)
  3 naga ritualists
  22 deep trolls (Vaults:1)
  A necromancer (Vaults:1)
  5 ironbound convokers
  5 lindwurms
  9 mana vipers
  A deep elf pyromancer (D:13)
  5 orc sorcerers (Orc:2)
  2 manticores
  6 fauns (Shoals:1)
  An ugly thing (Lair:5)
  A tengu zombie (Vaults:1)
  21 salamanders
  5 orc knights
  3 cyclopes
  4 vault sentinels (Vaults:1)
  4 elephants
  39 black mambas
  13 naga magi
  5 merfolk sirens (Shoals:1)
  11 guardian serpents
  2 smoke demons (Lair:5)
  2 torpor snails
  An ice statue (D:14)
  7 orange demons
  16 cane toads
  A torpor snail (shapeshifter) (Lair:5)
  2 water nymphs (Shoals:1)
  A freezing wraith (D:15)
  2 unseen horrors
  A rime drake (shapeshifter) (D:14)
  3 gargoyles
  6 rime drakes
  5 komodo dragons
  7 yaktaurs
  A hellwing (Orc:2)
  2 ancient zymes (Lair:5)
  5 trolls
  2 red devils (D:10)
  5 merfolk (Shoals:1)
  A tengu simulacrum (Vaults:1)
  3 meliai (D:13)
  A wolf spider simulacrum (D:15)
  4 polar bears
  A wind drake (Shoals:1)
  A hornet (D:10)
  9 dream sheep
  3 snapping turtles
  28 blink frogs
  Sigmund (D:3)
  A vampire (D:13)
  26 yaks
  2 shadows
  A ynoxinul (Lair:5)
  A spriggan (Lair:5)
  4 wyverns
  5 water elementals
  5 wraiths (D:15)
  2 fire bats (Depths:1)
  2 hogs (D:15)
  8 basilisks
  3 steam dragons
  11 vampire mosquitoes
  3 large abominations (Lair:5)
  2 redbacks (Vaults:1)
  4 chaos spawn
  A warg (Orc:1)
  38 nagas
  12 water moccasins
  3 acid dragons
  2 ice beasts (D:6)
  A black bear (Lair:3)
  A sky beast (D:8)
  29 orc warriors
  9 boggarts (D:15)
  10 ogres
  9 wolves
  6 centaurs
  2 phantoms (D:6)
  7 kobold brigands
  10 bullfrogs
  9 gnoll sergeants
  3 scorpions
  10 small abominations (Lair:5)
  13 wights
  7 killer bees (D:9)
  6 hounds
  Crazy Yiuf (D:3)
  2 gnoll boudas
  22 orc priests
  A jelly (D:4)
  3 iguanas
  Natasha (thrice) (D:3)
  12 orc wizards
  Robin (D:2)
  37 gnolls
  9 adders
  2 shadow imps (D:7)
  A white imp (D:7)
  5 worms
  A dart slug (D:2)
  69 orcs
  12 ball pythons
  4 bats
  3 endoplasms
  2 giant cockroaches
  19 goblins
  15 hobgoblins
  7 jackals
  2 quokkas
  4 frilled lizards
  47 kobolds
  4 rats
  2 fire vortices (Depths:1)
995 creatures vanquished.

Vanquished Creatures (others)
  A wizard (D:14)
  A yaktaur (D:15)
  A raiju (shapeshifter) (D:12)
  An orc wizard (Orc:2)
  23 fungi
  53 plants
  2 starspawn tentacles (Shoals:1)
  2 withered plants (D:7)
84 creatures vanquished.

Grand Total: 1079 creatures vanquished

Notes
Turn   | Place    | Note
-------+----------+-------------------------------------------
     0 | D:1      | Icepheonix32 the Minotaur Fighter began the quest for the
                  | Orb.
     0 | D:1      | Reached XP level 1. HP: 19/19 MP: 0/0
   201 | D:1      | Reached XP level 2. HP: 27/27 MP: 1/1
   500 | D:1      | Found Noni Efee's Antique Armour Shop.
  1108 | D:2      | Reached XP level 3. HP: 28/34 MP: 2/2
  1190 | D:2      | Found the +1 cloak of Starlight {*Dazzle EV+4 Stlth--}
  1500 | D:2      | Noticed Robin
  1521 | D:2      | Reached skill level 1 in Dodging
  1528 | D:2      | Reached XP level 4. HP: 13/41 MP: 3/3
  1531 | D:2      | Killed Robin
  1847 | D:2      | Reached skill level 5 in Fighting
  1913 | D:2      | Reached skill level 2 in Dodging
  1922 | D:2      | Reached XP level 5. HP: 48/48 MP: 4/4
  2382 | D:3      | Found a faded altar of an unknown god.
  2446 | D:3      | Reached skill level 1 in Short Blades
  2661 | D:3      | Found a runed translucent door.
  2662 | D:3      | Noticed Crazy Yiuf
  2947 | D:3      | Reached XP level 6. HP: 56/56 MP: 5/5
  2991 | D:3      | Noticed Sigmund
  3037 | D:3      | Reached skill level 5 in Armour
  3377 | D:3      | Killed Sigmund
  3378 | D:3      | Reached skill level 3 in Dodging
  3406 | D:3      | Reached XP level 7. HP: 36/62 MP: 6/6
  3690 | D:3      | Noticed Natasha
  3694 | D:3      | Killed Natasha
  3750 | D:3      | Noticed Natasha
  4320 | D:3      | Killed Natasha
  4434 | D:3      | Killed Crazy Yiuf
  4928 | D:3      | Noticed Natasha
  4937 | D:3      | Killed Natasha
  5041 | D:3      | Reached skill level 5 in Shields
  5100 | D:4      | Reached skill level 4 in Dodging
  5241 | D:4      | Reached skill level 1 in Evocations
  5309 | D:4      | Reached XP level 8. HP: 65/71 MP: 7/7
  5418 | D:4      | Found a sparkling altar of Nemelex Xobeh.
  5718 | D:4      | Found a hazy altar of Hepliaklqana.
  5821 | D:5      | Entered Level 5 of the Dungeon
  5821 | D:5      | Found Hucuditu's Distillery.
  5929 | D:1      | Bought a smelly scale mail for 279 gold pieces
  5929 | D:1      | Identified the +0 scale mail of Cocytus {rElec rN++ Dex-3}
                  | (You bought it in a shop on level 1 of the Dungeon)
  6488 | D:5      | Reached skill level 1 in Stealth
  6822 | D:6      | Found a white marble altar of Elyvilon.
  6823 | D:6      | Found a stormy altar of Qazlal.
  6840 | D:6      | Reached skill level 5 in Dodging
  7093 | D:6      | Reached skill level 6 in Dodging
  7406 | D:6      | Found a staircase to the Ecumenical Temple.
  7416 | Temple   | Entered the Ecumenical Temple
  7416 | Temple   | Found a transporter.
  7416 | Temple   | Found a transporter.
  7418 | Temple   | Found a transporter.
  7418 | Temple   | Found a transporter.
  7828 | D:7      | Reached XP level 9. HP: 69/78 MP: 8/8
  8067 | D:6      | Found a burning altar of Makhleb.
  8067 | D:6      | Found a shadowy altar of Dithmenos.
  8081 | D:6      | Became a worshipper of Dithmenos the Shadowed
  8202 | D:7      | Found an ancient bone altar of Kikubaaqudgha.
  8205 | D:7      | Found a blossoming altar of Fedhas.
  8500 | D:7      | Gained mutation: Your mind is acute. (Int +4, Str/Dex -1)
                  | [potion of mutation]
  8500 | D:7      | Gained mutation: You are clumsy. (Dex -2) [potion of
                  | mutation]
  8521 | D:7      | HP: 3/79 [poisoned by an orc wizard]
  8979 | D:7      | Reached skill level 5 in Short Blades
  8979 | D:7      | Reached skill level 7 in Dodging
  9833 | D:5      | Bought a potion of heal wounds for 55 gold pieces
  9833 | D:5      | Bought a potion of heal wounds for 55 gold pieces
  9833 | D:5      | Bought a potion of lignification for 33 gold pieces
 10178 | D:8      | Reached skill level 8 in Dodging
 10255 | D:8      | Reached * piety under Dithmenos
 10479 | D:8      | Noticed a two-headed ogre
 10496 | D:8      | Killed a two-headed ogre
 10497 | D:8      | Reached skill level 9 in Dodging
 10497 | D:8      | Reached XP level 10. HP: 82/86 MP: 9/9
 10544 | D:8      | Found a glowing golden altar of the Shining One.
 11453 | D:9      | Reached skill level 10 in Dodging
 11688 | D:9      | Found a hide-covered altar of Uskayaw.
 11708 | D:9      | Found Oskiavat's Weapon Shoppe.
 12136 | D:10     | Entered Level 10 of the Dungeon
 12138 | D:10     | Noticed a two-headed ogre
 12149 | D:10     | Killed a two-headed ogre
 12161 | D:10     | Noticed an orange demon
 12161 | D:10     | Noticed an orange demon
 12176 | D:10     | Noticed an orange demon
 12525 | D:10     | Noticed an orange demon
 12813 | D:9      | Killed an orange demon
 12844 | D:10     | Noticed an orange demon
 12856 | D:10     | Killed an orange demon
 12857 | D:10     | Reached skill level 11 in Dodging
 12857 | D:10     | Reached skill level 5 in Stealth
 12966 | D:10     | Killed an orange demon
 13035 | D:10     | Found Yxzu's Weapon Shop.
 13081 | D:10     | Killed an orange demon
 13082 | D:10     | Reached XP level 11. HP: 49/94 MP: 10/10
 13101 | D:10     | Found a basalt altar of Yredelemnul.
 14152 | D:11     | Noticed Fannar
 14233 | D:11     | Killed Fannar
 14234 | D:11     | Reached skill level 12 in Dodging
 15358 | D:12     | Noticed a four-headed hydra
 15375 | D:12     | Killed a four-headed hydra
 15376 | D:12     | Reached skill level 1 in Invocations
 15565 | D:12     | Noticed a five-headed hydra
 15576 | D:12     | Killed a five-headed hydra
 15682 | D:12     | Noticed Frances
 16157 | D:11     | Reached skill level 13 in Dodging
 16345 | D:11     | Reached ** piety under Dithmenos
 16486 | D:11     | Found a staircase to the Lair.
 16717 | Lair:1   | Entered Level 1 of the Lair of Beasts
 17416 | Lair:1   | Reached XP level 12. HP: 97/103 MP: 13/13
 18032 | Lair:2   | Lost mutation: You are clumsy. (Dex -2) [potion of
                  | mutation]
 18032 | Lair:2   | Lost mutation: Your mind is acute. (Int +4, Str/Dex -1)
                  | [potion of mutation]
 18032 | Lair:2   | Gained mutation: Your body sometimes deteriorates upon
                  | taking damage. [potion of mutation]
 18032 | Lair:2   | Gained mutation: You possess an exceptional clarity of
                  | mind. [potion of mutation]
 18032 | Lair:2   | Gained mutation: Your flesh is heat resistant. (rF+)
                  | [potion of mutation]
 18245 | Lair:2   | Noticed Gastronok
 18290 | Lair:2   | Killed Gastronok
 18291 | Lair:2   | Reached skill level 14 in Dodging
 18538 | Lair:2   | Noticed a death yak
 18539 | Lair:2   | Noticed a death yak
 18539 | Lair:2   | Noticed a death yak
 18592 | Lair:1   | Killed a death yak
 19084 | D:5      | Bought a potion of haste for 110 gold pieces
 19084 | D:5      | Bought a potion of berserk rage for 55 gold pieces
 19084 | D:5      | Bought a potion of mutation for 88 gold pieces
 19084 | D:5      | Lost mutation: Your flesh is heat resistant. (rF+) [potion
                  | of mutation]
 19084 | D:5      | Lost mutation: You possess an exceptional clarity of mind.
                  | [potion of mutation]
 19084 | D:5      | Lost mutation: Your body sometimes deteriorates upon taking
                  | damage. [potion of mutation]
 19084 | D:5      | Gained mutation: You are resistant to electric shocks.
                  | (rElec) [potion of mutation]
 19084 | D:5      | Gained mutation: You are dopey. (Int -2) [potion of
                  | mutation]
 19084 | D:5      | Gained mutation: You are strong-willed. (Will+) [potion of
                  | mutation]
 19314 | Lair:2   | Identified the +5 scale mail of Honesty {rC+ Will+ Stlth+}
 19354 | Lair:1   | Reached *** piety under Dithmenos
 19577 | Lair:2   | Found a sacrificial altar of Ru.
 19621 | Lair:2   | Noticed a boulder beetle
 19636 | Lair:2   | Killed a boulder beetle
 20017 | Lair:2   | Reached skill level 5 in Invocations
 20023 | Lair:2   | Found a staircase to the Snake Pit.
 20169 | Lair:2   | Killed a death yak
 20183 | Lair:2   | Killed a death yak
 20315 | Lair:2   | Reached skill level 15 in Dodging
 20552 | Lair:3   | Reached XP level 13. HP: 111/111 MP: 15/15
 20989 | Lair:3   | Noticed Sonja
 21004 | Lair:3   | Killed Sonja
 21245 | Lair:3   | Found a staircase to the Shoals.
 22255 | Lair:4   | Reached **** piety under Dithmenos
 22659 | Lair:4   | Reached skill level 10 in Armour
 22674 | Lair:4   | Reached skill level 10 in Short Blades
 22921 | Lair:4   | You fall into a shaft and drop 1 floor!
 22921 | Lair:5   | Entered Level 5 of the Lair of Beasts
 23226 | Lair:5   | Reached skill level 10 in Fighting
 23679 | Lair:5   | Reached ***** piety under Dithmenos
 23742 | Lair:5   | Identified the +6 scale mail of Poor Excuses {+Inv rC- rN++
                  | Dex+2}
 24061 | Lair:5   | Reached XP level 14. HP: 97/121 MP: 16/16
 24262 | Lair:5   | Found a corrupted altar of Lugonu.
 24262 | Lair:5   | Found a one-way gate to the infinite horrors of the Abyss.
 24267 | Lair:5   | Reached skill level 16 in Dodging
 25793 | D:12     | Found a staircase to the Orcish Mines.
 26132 | Orc:1    | Entered Level 1 of the Orcish Mines
 26349 | Orc:2    | Entered Level 2 of the Orcish Mines
 26705 | Orc:2    | Found a staircase to the Elven Halls.
 27133 | Orc:2    | Found Netoxon's General Store.
 27149 | Orc:2    | Found Diseriw's General Store.
 27164 | Orc:2    | Reached ****** piety under Dithmenos
 28263 | Orc:2    | Found Soupauwa's Magic Scroll Emporium.
 28456 | Orc:2    | Paralysed by an orc sorcerer for 3 turns
 28465 | Orc:2    | Reached skill level 10 in Stealth
 28473 | Orc:2    | Paralysed by an orc sorcerer for 3 turns
 29015 | Orc:2    | Paralysed by an orc sorcerer for 5 turns
 29111 | Orc:2    | Found Rerom's Antique Weapon Boutique.
 29111 | Orc:2    | Found Gus Cinafe's Book Shop.
 29111 | Orc:2    | Found a one-way gate leading to the halls of Pandemonium.
 29133 | Orc:2    | Bought a transparent rapier for 324 gold pieces
 29133 | Orc:2    | Identified the +8 rapier "Wacs" {protect, Will+ Int+3} (You
                  | bought it in a shop on level 2 of the Orcish Mines)
 29169 | Orc:2    | Bought a scroll of enchant armour for 97 gold pieces
 29213 | Orc:2    | Bought a scroll of enchant armour for 127 gold pieces
 29249 | Orc:2    | Bought a potion of heal wounds for 65 gold pieces
 29249 | Orc:2    | Bought a potion of curing for 39 gold pieces
 29417 | D:13     | Reached XP level 15. HP: 129/129 MP: 17/17
 29477 | D:13     | Reached skill level 10 in Shields
 31575 | D:14     | Found a gate to the Vaults.
 31581 | D:14     | Reached skill level 5 in Evocations
 31916 | D:15     | Entered Level 15 of the Dungeon
 31936 | D:15     | Noticed Kirke
 32204 | D:15     | Noticed Josephine
 32220 | D:15     | Killed Josephine
 32321 | D:15     | Killed Kirke
 32527 | D:15     | Noticed a frost giant
 32548 | D:15     | HP: 2/130 [frost giant/bolt of cold (62)]
 32552 | D:15     | Killed a frost giant
 32815 | D:15     | Reached skill level 17 in Dodging
 32846 | D:15     | Found a staircase to the Depths.
 33217 | Shoals:1 | Entered Level 1 of the Shoals
 33311 | Shoals:1 | Reached skill level 1 in Throwing
 34314 | Shoals:1 | Noticed Mlioglotl
 34320 | Shoals:1 | Noticed a tentacled starspawn
 34337 | Shoals:1 | Killed Mlioglotl
 34984 | Depths:1 | Entered Level 1 of the Depths
 35047 | Depths:1 | Found a portal to a secret trove of treasure.
 35086 | Depths:1 | Noticed a fire giant
 35135 | D:15     | HP: 1/132 [deep troll earth mage (26)]
 35700 | Snake:1  | Entered Level 1 of the Snake Pit
 36150 | Snake:1  | Noticed Louise
 36196 | Snake:1  | Killed Louise
 36441 | Snake:1  | Reached XP level 16. HP: 115/139 MP: 13/18
 37739 | Snake:2  | Identified the +7 chain mail of Quegeism {rElec rF+ Int-2
                  | Dex+6}
 37981 | Snake:2  | Lost mutation: You are strong-willed. (Will+) [potion of
                  | mutation]
 37981 | Snake:2  | Lost mutation: You are resistant to electric shocks.
                  | (rElec) [potion of mutation]
 37981 | Snake:2  | Lost mutation: You are dopey. (Int -2) [potion of mutation]
 37981 | Snake:2  | Gained mutation: You sometimes lose your temper in combat.
                  | [potion of mutation]
 37981 | Snake:2  | Gained mutation: You have a pair of large horns on your
                  | head. [potion of mutation]
 38137 | Snake:2  | Found an opulent altar of Gozag.
 38432 | Snake:2  | Identified the +0 robe "Epahup" {rC++ rN+++ Will- SInv}
 39270 | Snake:3  | Reached skill level 5 in Throwing
 39849 | Snake:4  | Entered Level 4 of the Snake Pit
 40320 | Snake:4  | Noticed Roxanne
 40358 | Snake:4  | Killed Roxanne
 41514 | Snake:4  | Reached XP level 17. HP: 127/148 MP: 19/19
 41929 | Snake:4  | Reached skill level 18 in Dodging
 42371 | Snake:4  | Got a serpentine rune of Zot
 42776 | Vaults:1 | Entered Level 1 of the Vaults
 44690 | Vaults:1 | Reached skill level 15 in Armour
 44699 | Vaults:1 | Reached XP level 18. HP: 38/157 MP: 20/20
 45161 | Vaults:1 | Noticed Saint Roka
 45207 | Vaults:1 | Mangled by Saint Roka

Illustrated notes

Levels and vault maps discovered:
D:1:      minmay_arrival_stair_chambers, layout_basic, serial_shops,
          nicolae_shop_statue_plus
D:2:      minmay_razor_zed, layout_basic, kennysheep_small_spiral,
          kennysheep_big_empty_room, corner_web_ring, dk_vineyard_1,
          minmay_puff, uniq_robin
D:3:      minmay_goblin_kobold_castle, layout_basic,
          ebering_ecumenical_altar_webs, uniq_crazy_yiuf_cottage, uniq_natasha,
          uniq_sigmund
D:4:      layout_basic, nemelex_diamond_rough_becter,
          mainiacjoe_overflow_surrounded_room
D:5:      layout_loops_ring, serial_shops, nicolae_shop_crystal
D:6:      layout_rooms, nicolae_overflow_hidden_temple, lemuel_temple_firewalk_b
D:7:      layout_layer_cave, grunt_temple_overflow_growth_and_decay
D:8:      layout_cave_pods, nicolae_tso_swordbearing_angel
D:9:      lemuel_flame_loot_2, layout_basic, kennysheep_mini_moat, serial_shops,
          nicolae_shop_waterfront
D:10:     layout_loops_ring, lemuel_crystal_altar, serial_shops,
          nicolae_shop_bloodbath_and_beyond, st_stairs_14,
          minmay_beelzebubs_servants
D:11:     layout_rooms, erik_lair_dragon, uniq_fannar
D:12:     layout_loops_ring, kennysheep_orc_monster_closet_entryway,
          uniq_frances
D:13:     layout_rooms
D:14:     layout_stronghold, david_vaults_5, kennysheep_another_room,
          serial_glass, glass_columns_c, glass_columns_c, glass_columns_a,
          glass_columns_b, minivault_16
D:15:     grunt_enter_depths_snipers, layout_rooms, minivault_4,
          item_on_display_a, uniq_kirke, uniq_josephine
Temple:   hellmonk_temple_divided_pantheon
Lair:1:   layout_layer_cave, chequers_serial_rivers_micro_d,
          infiniplex_staircase_pool, serial_bayou_shore_b
Lair:2:   layout_cave_shapes, minmay_snake_entry_guardpost_medium, basic_altar,
          serial_bayou_shore_a, uniq_gastronok
Lair:3:   layout_cave_pods, minmay_shoals_entry_hut, hibernation_bobbens,
          uniq_sonja
Lair:4:   layout_loops_ring, slime_entry_1, grunt_megastairs_5
Lair:5:   hellmonk_lair_end_abyssal_woods, layout_small_grid,
          nicolae_lair_lindhole, grunt_megastairs_3
Shoals:1: layout_shoals, uniq_mlioglotl
Snake:1:  layout_cave_shapes, nicolae_triple_integral, grunt_megastairs_1,
          uniq_louise
Snake:2:  hangedman_cross_stitches, layout_rooms, basic_altar
Snake:3:  layout_misc_corridors, lemuel_fruit_tree
Snake:4:  snake_pit_salamanders_mu, layout_onion_interference, uniq_roxanne
Orc:1:    layout_diamond_mine
Orc:2:    pf_orc_diabolical, layout_diamond_mine, serial_shops, shop
Vaults:1: vaults_room_semicircle, vaults_mumra_minichess,
          nicolae_vaults_specimen_jars, v_misc_16, hangedman_vaults_impose,
          vaults_room_semicircle, ontoclasm_vaults_ring_small,
          dpeg_vaults_monster_row, nicolae_vaults_yaktaur_gun_rack,
          nicolae_vaults_little_ls, nicolae_vaults_network_quinsquares
          [nicolae_vaults_network_quincunx_subvault,
          nicolae_vaults_network_quincunx_subvault,
          nicolae_vaults_network_quincunx_subvault,
          nicolae_vaults_network_quincunx_subvault], ontoclasm_vaults_tryst,
          nicolae_vaults_little_squares_6, v_misc_17, layout_vaults_maze_bifur,
          uniq_saint_roka
Depths:1: layout_gridlike, pan_entry, enter_trove_1, grunt_hell_horde,
          fedhas_altar_2, abyss_entry, nicolae_wooded_promenade,
          hangedman_abyss_or_decor_lesser_grid, serial_sigils_hangedman_clutch,
          evilmike_butchery, infiniplex_staircase_pool_lava

Skill      XL: |  1  2  3  4  5  6  7  8  9 10 11 12 13 14 15 16 17 18 |
---------------+-------------------------------------------------------+-----
Fighting       | 4 5 6 7 8 9 10 11 12 13 | 13.4
Armour         | 4 5 6 8 9 10 11 13 15 | 15.2
Axes           | 3 |  3.1
Dodging        | 1 2 3 4 6 9 11 13 15 16 17 18 | 18.5
Shields        | 4 5 6 8 9 11 12 13 | 13.5
Short Blades   | 1 2 3 4 6 7 8 9 10 12 13 14 | 14.1
Evocations     | 1 2 4 6 7 8 9 |  9.1
Stealth        | 2 3 5 6 7 9 10 11 | 11.5
Invocations    | 3 5 |  5.1
Throwing       | 3 5 6 |  6.1

Action                   |  1- 3 |  4- 6 |  7- 9 | 10-12 | 13-15 | 16-18 || total
-------------------------+-------+-------+-------+-------+-------+-------++-------
Melee: War axe           |    94 |     7 |       |       |       |       ||   101
       Headbutt          |    10 |    28 |   136 |   303 |   630 |   475 ||  1582
       Dagger            |       |   142 |   589 |  1100 |  1383 |       ||  3214
       Rapier            |       |       |       |       |   686 |  1266 ||  1952
Throw: Dart              |       |     1 |     4 |     3 |     1 |       ||     9
       Boomerang         |       |       |       |     1 |    23 |    31 ||    55
Invok: Shadow Step       |       |       |       |       |     6 |     1 ||     7
Evoke: Wand              |       |    12 |     1 |    17 |     8 |     1 ||    39
       Lightning rod     |       |       |       |     1 |     2 |     2 ||     5
       Tin of tremorston |       |       |       |       |     4 |     2 ||     6
       Condenser vane    |       |       |       |       |     2 |     1 ||     3
  Use: Potion            |       |     2 |     6 |     5 |    10 |    12 ||    35
       Scroll            |       |     1 |    14 |    12 |    14 |     9 ||    50
 Stab: Invisible         |       |     1 |    20 |    64 |    87 |    55 ||   227
       Sleeping          |       |       |       |     3 |     8 |       ||    11
       Distracted        |       |       |       |       |     9 |       ||     9
Armor: Scale mail        |    44 |    48 |   110 |    30 |   302 |       ||   534
       Steam dragon scal |       |       |    63 |   257 |       |       ||   320
       Chain mail        |       |       |       |       |     7 |   209 ||   216
Dodge: Dodged            |    48 |   124 |   369 |   945 |  1453 |   781 ||  3720
Block: Buckler           |    20 |    27 |   132 |   223 |   583 |   646 ||  1631
       Reflection        |       |       |       |       |       |    41 ||    41
